 Dungeon Crawl Stone Soup version 0.31-a0-255-g9c3d1c461a (webtiles) character file.

Game seed: 7765333012515249699

142 qw the Shooter (level 5, -9/45 HPs)
             Began as a Minotaur Hexslinger on July 12, 2023.
             Killed from afar by Ijyb (10 damage)
             ... with a bolt of dispelling energy
             ... on level 3 of the Dungeon.
             The game lasted 00:01:06 (2277 turns).

qw the Shooter (Minotaur Hexslinger)                Turns: 2277, Time: 00:01:07

Health: -9/45      AC:  5    Str: 17    XL:     5   Next: 3%
Magic:  5/5        EV: 11    Int:  9    God:
Gold:   97         SH:  0    Dex: 13    Spells: 5/6 levels left

rFire   . . .        Y - +2 sling
rCold   . . .        (no shield)
rNeg    . . .        i - +0 ring mail
rPois   +            (helmet restricted)
rElec   .            (no cloak)
rCorr   .            (no gloves)
SInv    .            (no boots)
Will    .....        (no amulet)
Stlth   +            (no ring)
HPRegen 0.27/turn    (no ring)
MPRegen 0.09/turn

%: no passive effects
@: no status effects
A: horns 2, retaliatory headbutt, mutation resistance 1, poison resistance,
strong 1, subdued magic 1
a: no special abilities


You were on level 3 of the Dungeon.
You visited 1 branch of the dungeon, and saw 3 of its levels.

You collected 97 gold pieces.


Innate Abilities, Weirdness & Mutations

You have a pair of horns on your head.
You reflexively headbutt those who attack you in melee.
You are somewhat resistant to further mutation.
Your system is resistant to poisons. (rPois)
Your muscles are strong. (Str +4, Int/Dex -1)
Your spells are a little easier to cast, but a little less powerful.


   Skills:
 - Level 3.0 Fighting
 - Level 5.1 Ranged Weapons
 + Level 0.2 Armour
 - Level 2.1 Dodging
 - Level 1.0 Spellcasting
 - Level 2.0 Hexes


You had 5 spell levels left.
You knew the following spells:

 Your Spells              Type           Power      Damage    Failure   Level
a - Slow                  Hex            12%        N/A       26%         1

Your spell library contained the following spells:

 Spells                   Type           Power      Damage    Failure   Level
 Inner Flame              Hex/Fire       1%         N/A       77%         3
 Portal Projectile        Hex/Tloc       2%         N/A       77%         3
 Cause Fear               Hex            1%         N/A       95%         4

Inventory:

Hand Weapons
 Y - a +2 sling (weapon)
Armour
 i - a +0 ring mail (worn)
Scrolls
 a - 2 scrolls of identify
Potions
 e - 2 potions of enlightenment

Dungeon Overview and Level Annotations

Branches:
Dungeon (3/15)

Altars:

Annotations:
D:3 Ijyb


Message History

Ijyb zaps a wand.
The bolt of dispelling energy hits you!
You shoot a sling bullet. The sling bullet hits Ijyb.
Ijyb is lightly wounded.
Ijyb hits you with a +0 club.
A hobgoblin comes into view.
You shoot a sling bullet. The sling bullet barely misses Ijyb.
Ijyb zaps a wand.
The bolt of dispelling energy hits you.
The bolt of dispelling energy hits the hobgoblin!
The hobgoblin dies!
You shoot a sling bullet. The sling bullet hits Ijyb.
Ijyb is lightly wounded.
Ijyb hits you with a +0 club. Ijyb misses you.
You shoot a sling bullet. The sling bullet closely misses Ijyb.
Ijyb hits you with a +0 club.
You shoot a sling bullet. The sling bullet hits Ijyb.
Ijyb is moderately wounded.
Ijyb hits you with a +0 club.
You shoot a sling bullet.
The sling bullet hits Ijyb but does no damage.
Ijyb is moderately wounded.
Ijyb hits you but does no damage.
You shoot a sling bullet.
The sling bullet hits Ijyb but does no damage.
Ijyb is moderately wounded.
Ijyb barely misses you. Ijyb hits you with a +0 club.
You shoot a sling bullet. The sling bullet hits Ijyb.
Ijyb is heavily wounded.
Ijyb barely misses you.
You shoot a sling bullet.
The sling bullet hits Ijyb but does no damage.
Ijyb is heavily wounded.
Ijyb closely misses you.
You shoot a sling bullet.
The sling bullet hits Ijyb but does no damage.
Ijyb is heavily wounded.
Ijyb zaps a wand.
The bolt of dispelling energy hits you! Ijyb closely misses you.
You shoot a sling bullet. The sling bullet closely misses Ijyb.
Ijyb zaps a wand.
The bolt of dispelling energy hits you!
You die...

####...####
##.........#
......)....######
#.........>..g.#
####...#######.#
..####...# #.#
.......<.# #.#
..#####g## #.#
#@# #.####### #.#
#.#.[.... #.#
#g#.###.. ...
#...##..# #.#
##.##..## #.#
#.##.## #%#
#.##..## ..#
##.##...#
####...#....


You could see Ijyb.

Vanquished Creatures
  7 adders (D:2)
  2 worms (D:2)
  A dart slug (D:1)
  4 orcs
  7 ball pythons
  3 endoplasms
  5 giant cockroaches
  3 goblins (D:1)
  2 hobgoblins
  6 jackals
  6 kobolds
  6 quokkas
  4 bats
  5 frilled lizards
  6 rats
67 creatures vanquished.

Vanquished Creatures (others)
  A hobgoblin (D:3)
1 creature vanquished.

Grand Total: 68 creatures vanquished

Notes
Turn   | Place    | Note
-------+----------+-------------------------------------------
     0 | D:1      | qw the Minotaur Hexslinger began the quest for the Orb.
     0 | D:1      | Reached XP level 1. HP: 16/16 MP: 1/1
     0 | D:1      | 0 ||| qw: Version: 0.3-a-52-g30416fa
     0 | D:1      | 0 ||| qw: Game counter: 6693
     0 | D:1      | 0 ||| qw: Melee chars always use a shield: true
     0 | D:1      | 0 ||| qw: God list: Okawaru
     0 | D:1      | 0 ||| qw: Allow faded altars: false
     0 | D:1      | 0 ||| qw: Do Orc after clearing Dungeon:15 true
     0 | D:1      | 0 ||| qw: Do second Lair branch before Depths: true
     0 | D:1      | 0 ||| qw: Lair rune preference: random
     0 | D:1      | 0 ||| qw: Goals: Normal
     0 | D:1      | 0 ||| PLANNING D:1-11
   119 | D:1      | Reached skill level 3 in Ranged Weapons
   123 | D:1      | Reached XP level 2. HP: 23/23 MP: 2/2
   729 | D:1      | Reached XP level 3. HP: 28/29 MP: 3/3
   987 | D:1      | 987 ||| UPGRADING to +0 leather armour.
   997 | D:1      | 997 ||| DROPPING +0 robe.
   998 | D:1      | 998 ||| READING 3 scrolls labelled UTODAO KERIGOUM.
   999 | D:1      | 999 ||| READING scroll labelled VYFIFIE IFOO.
  1004 | D:1      | 1004 ||| DRINKING 2 black potions.
  1005 | D:1      | 1005 ||| DROPPING scroll of poison.
  1006 | D:1      | 1006 ||| DROPPING potion of brilliance.
  1067 | D:2      | Reached skill level 4 in Ranged Weapons
  1116 | D:2      | Found a faded altar of an unknown god.
  1338 | D:2      | Reached XP level 4. HP: 14/36 MP: 4/4
  1339 | D:2      | HP: 9/36 [poisoned by an adder]
  1340 | D:2      | 1340 ||| READING scroll of teleportation.
  1525 | D:2      | 1525 ||| FLEEEEING.
  1526 | D:2      | 1526 ||| FLEEEEING.
  1527 | D:2      | 1527 ||| FLEEEEING.
  1528 | D:2      | 1528 ||| FLEEEEING.
  1575 | D:2      | Reached skill level 5 in Ranged Weapons
  1728 | D:2      | Reached skill level 3 in Fighting
  1884 | D:2      | Reached XP level 5. HP: 45/45 MP: 5/5
  2006 | D:2      | 2006 ||| UPGRADING to +0 ring mail.
  2016 | D:2      | 2016 ||| DROPPING +0 leather armour.
  2017 | D:2      | 2017 ||| READING scroll labelled KUAWED ZIANU.
  2018 | D:2      | 2018 ||| READING scroll labelled NOISHR TYIS YMI.
  2019 | D:2      | 2019 ||| READING scroll labelled WOKHLI ZEWKELEGGIU.
  2020 | D:2      | 2020 ||| READING 2 scrolls labelled VAAJEA VUCITSU.
  2021 | D:2      | 2021 ||| READING scroll labelled QEM EX KEMM.
  2022 | D:2      | 2022 ||| READING scroll labelled ESUTZA VUONK.
  2023 | D:2      | 2023 ||| DRINKING 3 fuming silvery potions.
  2024 | D:2      | 2024 ||| DRINKING 2 metallic yellow potions.
  2024 | D:2      | Gained mutation: You are resistant to electric shocks.
                  | (rElec) [potion of mutation]
  2024 | D:2      | Gained mutation: Your natural rate of healing is unusually
                  | fast. [potion of mutation]
  2024 | D:2      | Gained mutation: You sometimes lose your temper in combat.
                  | [potion of mutation]
  2024 | D:2      | Gained mutation: Your system is resistant to poisons.
                  | (rPois) [potion of mutation]
  2025 | D:2      | 2025 ||| DRINKING potion of mutation.
  2025 | D:2      | Lost mutation: You sometimes lose your temper in combat.
                  | [potion of mutation]
  2025 | D:2      | Lost mutation: Your natural rate of healing is unusually
                  | fast. [potion of mutation]
  2025 | D:2      | Lost mutation: You are resistant to electric shocks.
                  | (rElec) [potion of mutation]
  2025 | D:2      | Gained mutation: Your muscles are strong. (Str +4, Int/Dex
                  | -1) [potion of mutation]
  2025 | D:2      | Gained mutation: Your spells are a little easier to cast,
                  | but a little less powerful. [potion of mutation]
  2025 | D:2      | Gained mutation: You are somewhat resistant to further
                  | mutation. [potion of mutation]
  2026 | D:2      | 2026 ||| READING 3 scrolls of identify.
  2026 | D:2      | 2026 ||| IDENTIFYING metallic coppery potion
  2027 | D:2      | 2027 ||| DROPPING scroll of fog.
  2028 | D:2      | 2028 ||| DROPPING potion of berserk rage.
  2096 | D:3      | Noticed Ijyb
  2097 | D:3      | 2097 ||| FLEEEEING.
  2098 | D:3      | 2098 ||| FLEEEEING.
  2099 | D:3      | 2099 ||| FLEEEEING.
  2100 | D:3      | 2100 ||| FLEEEEING.
  2101 | D:3      | 2101 ||| FLEEEEING.
  2101 | D:3      | HP: 7/45 [Ijyb/bolt of dispelling energy (21)]
  2102 | D:3      | 2102 ||| FLEEEEING.
  2103 | D:3      | 2103 ||| FLEEEEING.
  2104 | D:3      | 2104 ||| FLEEEEING.
  2105 | D:3      | 2105 ||| FLEEEEING.
  2111 | D:3      | 2111 ||| FLEEEEING.
  2112 | D:3      | 2112 ||| FLEEEEING.
  2113 | D:3      | 2113 ||| FLEEEEING.
  2114 | D:3      | 2114 ||| FLEEEEING.
  2115 | D:3      | 2115 ||| FLEEEEING.
  2116 | D:3      | 2116 ||| FLEEEEING.
  2116 | D:3      | HP: 7/45 [Ijyb/bolt of dispelling energy (4)]
  2117 | D:3      | 2117 ||| FLEEEEING.
  2118 | D:3      | 2118 ||| FLEEEEING.
  2124 | D:3      | 2124 ||| FLEEEEING.
  2125 | D:3      | 2125 ||| FLEEEEING.
  2127 | D:3      | 2127 ||| STAIRDANCE
  2276 | D:3      | HP: 1/45 [Ijyb/bolt of dispelling energy (13)]
  2277 | D:3      | Killed from afar by Ijyb

Levels and vault maps discovered:
D:1:      dpeg_arrival_prison, layout_loops_corners
D:2:      layout_rooms, hellmonk_ecumenical_altar_zigzags, minmay_snake_closets
D:3:      layout_loops_ring, minmay_fractal_squares_gapless_5, uniq_terence,
          uniq_ijyb

Skill      XL: |  1  2  3  4 |
---------------+-------------+-----
Ranged Weapons | 3 4 5 |  5.1
Fighting       | 2 3 |  3.0
Armour         | |  0.2
Dodging        | |  2.1
Spellcasting   | |  1.0
Hexes          | |  2.0

Action                     |  1- 3 |  4- 6 || total
---------------------------+-------+-------++-------
   Fire: Sling             |   152 |    94 ||   246
    Use: Scroll            |     2 |     8 ||    10
         Potion            |     1 |     3 ||     4
 Armour: Robe              |    10 |       ||    10
         Leather armour    |     8 |    10 ||    18
         Ring mail         |       |     2 ||     2
  Dodge: Dodged            |    67 |    35 ||   102

Table legend:
 A = Non-vault XP
 B = Vault XP
 C = Vault XP percentage of total XP
 D = Non-vault monster count
 E = Vault monster count
 F = Vault count percentage of total count
                 A         B        C        D         E       F
            +---------+---------+-------+---------+---------+-------
      Total |     129 |      74 |  36.5 |      56 |      11 |  16.4
            +---------+---------+-------+---------+---------+-------
        D:1 |      53 |       3 |   5.4 |      33 |       2 |   5.7
        D:2 |      71 |      71 |  50.0 |      21 |       9 |  30.0
        D:3 |       5 |       0 |   0.0 |       2 |       0 |   0.0
            +---------+---------+-------+---------+---------+-------
